 Dungeon Crawl Stone Soup version 0.21-a0-630-g344d351 (webtiles) character file.

44 slep the Slasher (level 3, -1/18 HPs)
             Began as a Vine Stalker Gladiator on Dec 27, 2017.
             Slain by a killer bee zombie (2 damage)
             ... on level 4 of the Dungeon.
             The game lasted 00:02:40 (687 turns).

slep the Slasher (Vine Stalker Gladiator)            Turns: 687, Time: 00:02:40

Health: -1/18      AC:  8    Str: 16    XL:     3   Next: 60%
Magic:  0/4        EV: 12    Int:  8    God:
Gold:   58         SH:  0    Dex: 16    Spells: 2/2 levels left

rFire    . . .     SeeInvis .   a - +0 long sword
rCold    . . .     Gourm    .   (no shield)
rNeg     . . .     Faith    .   e - +2 ring mail {MR+}
rPois    .         Spirit   +   c - +0 helmet
rElec    .         Reflect  .   (no cloak)
rCorr    .         Harm     .   (no gloves)
MR       ++...                  (no boots)
Stlth    +.........             (no amulet)
HPRegen  0.06/turn              k - ring of protection from magic
MPRegen  0.09/turn              (no ring)

@: no status effects
A: fangs 2, magic shield, antimagic bite, no potion heal 3, rot immunity
a: no special abilities


You were on level 4 of the Dungeon.
You were not hungry.

You visited 1 branch of the dungeon, and saw 4 of its levels.

You collected 58 gold pieces.

Inventory:

Hand Weapons
 a - a +0 long sword (weapon)
Missiles
 d - 4 throwing nets (quivered)
 l - 21 sling bullets
Armour
 b - a +0 leather armour
 c - a +0 helmet (worn)
 e - a +2 ring mail of magic resistance (worn)
Jewellery
 k - a ring of protection from magic (left hand)
Scrolls
 h - a scroll of teleportation {unknown}
 i - 2 scrolls of identify {unknown}
 j - a scroll of magic mapping {unknown}
 m - a scroll of remove curse {unknown}
Potions
 g - a potion of heal wounds {unknown}
Comestibles
 f - a ration


   Skills:
 + Level 2.0 Fighting
 + Level 3.3 Long Blades
 + Level 2.0 Throwing
 + Level 2.8 Dodging


You had 2 spell levels left.
You didn't know any spells.

Dungeon Overview and Level Annotations

Branches:
Dungeon (4/15)
 Temple: D:4-7

Altars:

Annotations:
D:2 Sigmund


Innate Abilities, Weirdness & Mutations

You have extremely sharp teeth.
When hurt, damage is shared between your health and your magic reserves.
Your bite disrupts and absorbs the magic of your enemies.
Potions cannot restore your health.
You are immune to rotting.


Message History

The killer bee zombie hits you but does no damage.
You barely miss the killer bee zombie. Your bite misses the killer bee zombie.
The killer bee zombie hits you but does no damage.
The killer bee zombie hits you.
You slash the killer bee zombie!
The killer bee zombie is moderately damaged.
The killer bee zombie completely misses you.
The killer bee zombie closely misses you. x2
You riposte.
You closely miss the killer bee zombie. Your bite misses the killer bee zombie.
The killer bee zombie is moderately damaged.
You slash the killer bee zombie! Your bite misses the killer bee zombie.
The killer bee zombie is heavily damaged.
The killer bee zombie hits you but does no damage. x2
You slash the killer bee zombie! Your bite misses the killer bee zombie.
The killer bee zombie is almost destroyed.
The killer bee zombie hits you.
* * * LOW HITPOINT WARNING * * *
The killer bee zombie hits you.
You die...

#..# ..#
..# ..#
###+##.#
#......#
#....Z†#
##.....@#
.......<#
........#
........+
........#
....%...#
........#
........#
........#


You could see a killer bee zombie.

Vanquished Creatures
  An adder (D:3)
  A dart slug (D:2)
  A leopard gecko (D:1)
  A ball python (D:1)
  2 goblins
  2 hobgoblins (D:2)
  7 jackals
  2 quokkas
  4 bats
  2 frilled lizards
  4 kobolds
  2 rats (D:1)
29 creatures vanquished.

Notes
Turn   | Place    | Note
-------+----------+-------------------------------------------
     0 | D:1      | slep the Vine Stalker Gladiator began the quest for the Orb.
     0 | D:1      | Reached XP level 1. HP: 11/11 MP: 2/2
   201 | D:1      | Reached XP level 2. HP: 13/15 MP: 3/3
   429 | D:2      | Reached skill level 3 in Long Blades
   555 | D:2      | Reached XP level 3. HP: 10/18 MP: 1/4
   602 | D:2      | Noticed Sigmund
   687 | D:4      | Slain by a killer bee zombie

Vault maps used:
D:1:      lightli_arrival_maybe_door_vault
D:2:      first_ration, minmay_tripent, uniq_sigmund
D:4:      cheibrodos_sewer_entry_sluice

Skill      XL: |  1  2 |
---------------+-------+-----
Throwing       | 2 |  2.0
Fighting       | 2 |  2.0
Long Blades    | 3 |  3.3
Dodging        | |  2.8

Action                   || total
-------------------------++-------
Melee: Long sword        ||    76
       Bite              ||    18
Armor: Leather armour    ||     9
       Ring mail         ||    40
Dodge: Dodged            ||    74
       Rpst.: Long sword ||    20

Table legend:
 A = Spawn XP
 B = Non-spawn XP
 C = Spawn XP percentage of total XP
 D = Spawn monster count
 E = Non-spawn monster count
 F = Spawn count percentage of total count
 G = Total turns spent on level
                    A         B        C        D         E        F      G
               +---------+---------+-------+---------+---------+-------+---------
         Total |       0 |      63 |   0.0 |       0 |      29 |   0.0 |   687
               +---------+---------+-------+---------+---------+-------+---------
           D:1 |       0 |      14 |   0.0 |       0 |       9 |   0.0 |   411
           D:2 |       0 |      25 |   0.0 |       0 |      13 |   0.0 |   217
           D:3 |       0 |      22 |   0.0 |       0 |       6 |   0.0 |    51
           D:4 |       0 |       2 |   0.0 |       0 |       1 |   0.0 |     8
               +---------+---------+-------+---------+---------+-------+---------
